AoeStats
← tw07960626

Arena

509006928Analyzed
1v1 RM · 7d ago on Sep 25, 2026· 37m 43s· 2 players
Game mode
Random Map
Map size
Tiny (2 player)
Population
200
Speed
Normal
Resources
Standard
Victory
Conquest
Starting age
Dark Age
Ending age
Imperial Age
RankedLock teamsTeams togetherTeam positionsShared explorationLock speedFull tech treeHidden civsTurbo modeCheats
Victory
Defeat
🇺🇸 Slavs · United States
866
+15
🇹🇼 Danes · Taiwan
850
-15
tw07960626
10:09 Feudal Age
19:14 Castle Age
17:18 Horse Collar
17:32 Double-Bit Axe
18:48 Arson
20:09 Wheelbarrow
20:42 Husbandry
21:57 Padded Archer Armor
22:19 Town Watch
23:15 Gold Mining
24:53 Stone Mining
26:28 Fletching
27:38 Squires
28:33 Gambesons
29:53 Bow Saw
31:00 Forging
34:13 Iron Casting
33:38 Scale Mail Armor
34:54 Hand Cart
35:22 Thumb Ring
36:11 Ballistics
39:34 Imperial Age
hayd3n18
10:52 Feudal Age
9:49 Loom
15:31 Castle Age
14:18 Double-Bit Axe
15:06 Horse Collar
17:01 Wheelbarrow
16:32 Stone Mining
18:34 Squires
18:41 Light Cavalry
21:12 Scale Barding Armor
22:38 Pikeman
24:18 Detinets
25:55 Forging
26:51 Hand Cart
27:49 Gold Mining
28:14 Bow Saw
29:16 Heavy Plow
30:02 Sanctity
29:42 Devotion
29:42 Town Watch
32:07 Chain Barding Armor
31:49 Scale Mail Armor
32:51 Bloodlines
32:42 Husbandry
36:17 Imperial Age
34:25 Fletching
34:35 Padded Archer Armor
35:28 Bodkin Arrow
36:33 Leather Archer Armor
36:54 Iron Casting
36:04 Elite Skirmisher
37:28 Crop Rotation
38:00 Two-Man Saw
37:39 Gold Shaft Mining
37:22 Chain Mail Armor
37:22 Fortified Wall
Connection lost

Rejoining the realm…

Still unreachable

The connection could not be restored.

Session expired

The server has moved on; the page needs a fresh start.